 Dungeon Crawl Stone Soup version 0.30-a0-323-gf7cf27c (webtiles) character file.

Game seed: 10521931498695818036

386 Sixotanaka the Prestidigitator (level 6, 0/66 HPs)
             Began as a Gnoll Wanderer on Oct 27, 2022.
             Was a Follower of Cheibriados.
             Slain by a yak (9 damage)
             ... on level 7 of the Dungeon.
             The game lasted 00:06:29 (3415 turns).

Sixotanaka the Prestidigitator (Gnoll Wanderer)     Turns: 3415, Time: 00:06:30

Health: 0/66       AC: 23    Str: 15    XL:     6   Next: 78%
Magic:  14/14      EV:  2    Int: 14    God:    Cheibriados [*.....]
Gold:   272        SH:  0    Dex: 16    Spells: 11/15 levels left

rFire   . . .      SeeInvis .    f - +3 dagger (venom)
rCold   . . .      Faith    .    (no shield)
rNeg    . . .      Spirit   .    (body armour currently unavailable)
rPois   +          Reflect  .    (helmet currently unavailable)
rElec   .          Harm     .    (cloak currently unavailable)
rCorr   .          Rampage  .    (gloves currently unavailable)
Will    .....      NoTele   +    (boots currently unavailable)
Stlth   ++........               (no amulet)
HPRegen 0.31/turn                (no ring)
MPRegen 0.14/turn                (no ring)

@: tree-form, very slow
A: stationary, stasis, torment immunity, boosted hp, (fangs 1), strong nose,
distributed training
a: Renounce Religion, Bend Time


You were on level 7 of the Dungeon.
You worshipped Cheibriados.
Cheibriados was aware of your devotion.
You were a tree.
You visited 1 branch of the dungeon, and saw 6 of its levels.
You also visited: Sewer.

You collected 272 gold pieces.

Inventory:

Hand Weapons
 f - a +3 dagger of venom (weapon)
Missiles
 b - 3 throwing nets (quivered)
Armour
 e - a +0 leather armour (melded)
Wands
 r - a wand of flame (7)
Scrolls
 g - 2 scrolls of amnesia
 h - a scroll of blinking
 j - a scroll of vulnerability {unknown}
 k - 2 scrolls of noise
 m - a scroll of fog
 o - a scroll of immolation {unknown}
 p - 3 scrolls of enchant weapon
 q - a scroll of fear {unknown}
 s - a scroll of enchant armour {unknown}
 t - 2 scrolls of brand weapon
 x - a scroll of torment {unknown}
 y - a scroll of summoning {unknown}
Potions
 a - a potion of flight
 d - a potion of mutation
 i - a potion of degeneration {unknown}
 n - 2 potions of haste {unknown}
 u - a potion of cancellation {unknown}
 v - a potion of magic {unknown}
 w - a potion of lignification
 z - a potion of invisibility {unknown}
Miscellaneous
 c - a piece from Xom's chessboard (15/15)


   Skills:
 + Level 2.2 Fighting
 + Level 2.2 Short Blades
 + Level 2.2 Long Blades
 + Level 2.2 Axes
 + Level 2.2 Maces & Flails
 + Level 2.2 Polearms
 + Level 2.2 Staves
 + Level 2.2 Ranged Weapons
 + Level 2.2 Throwing
 + Level 3.4 Armour
 + Level 6.9 Dodging
 + Level 2.2 Stealth
 + Level 2.2 Shields
 + Level 2.2 Unarmed Combat
 + Level 5.4 Spellcasting
 + Level 1.7 Conjurations
 + Level 1.7 Hexes
 + Level 1.7 Summonings
 + Level 1.7 Necromancy
 + Level 1.7 Translocations
 + Level 1.7 Transmutations
 + Level 1.7 Fire Magic
 + Level 1.7 Ice Magic
 + Level 1.7 Air Magic
 + Level 1.7 Earth Magic
 + Level 1.7 Poison Magic
 + Level 2.4 Invocations
 + Level 8.8 Evocations


You had 11 spell levels left.
You knew the following spells:

 Your Spells              Type           Power      Damage    Failure   Level
a - Passwall              Tmut/Erth      6%         N/A       12%         2
b - Wereblood             Tmut           8%         N/A       12%         2

Your spell library contained the following spells:

 Spells                   Type           Power      Damage    Failure   Level


Dungeon Overview and Level Annotations

Branches:
Dungeon (7/15)              Sewer (visited)
 Temple: D:4-7

Altars:
Cheibriados
Vehumet

Annotations:
D:6 Eustachio


Innate Abilities, Weirdness & Mutations

You are a tree.
Your roots penetrate the ground, keeping you stationary.
You cannot be teleported.
You are immune to unholy pain and torment.
Your maximum health is greatly increased.
Your equipment is partially melded.
((You have very sharp teeth.))
Your uncanny sense of smell can sniff out nearby items.
Your experience applies equally to all skills.


Message History

The white imp hits you but does no damage.
You hit the yak.
You kill the yak!
Cheibriados appreciates the change of pace.
The yak barely misses you. The yak gores you but does no damage.
The yak completely misses you.
The white imp hits you but does no damage.
Your Fighting skill increases to level 2!
Your Short Blades skill increases to level 2!
Your Long Blades skill increases to level 2!
Your Axes skill increases to level 2!
Your Maces & Flails skill increases to level 2!
Your Polearms skill increases to level 2!
Your Staves skill increases to level 2!
Your Ranged Weapons skill increases to level 2!
Your Throwing skill increases to level 2!
Your Stealth skill increases to level 2!
Your Shields skill increases to level 2!
Your Unarmed Combat skill increases to level 2!
Unknown command.
Unknown command.
You hit the yak but do no damage.
The yak is poisoned.
The yak gores you but does no damage. x2; The yak gores you.
The yak gores you but does no damage. x2
The white imp summons a swarm of flies.
The white imp hits you but does no damage.
You hit the yak.
The yak looks even sicker.
The yak is lightly wounded.
You barely miss the yak.
The yak is moderately wounded.
The yak gores you but does no damage. x5
The white imp hits you but does no damage.
You barely miss the yak.
The yak is moderately wounded.
The yak gores you!
* * * LOW HITPOINT WARNING * * *
The yak gores you but does no damage. x2; The yak gores you!
* * * LOW HITPOINT WARNING * * *
The yak gores you!
You die...

### ##.####
#..#..##### ##
#§§§§.....##.#
##§YY§§....#...
##§§♣Y§.........
#.§Y5Y§#.....#..
#.§§§§§.....?...
#...............
#...............
##...!...?....##
##............#
#.............#
#..............


You could see 5 yaks and a white imp.

Vanquished Creatures
  A yak (D:7)
  A phantom (D:4)
  3 river rats (Sewer)
  8 adders
  3 worms
  A dart slug (D:2)
  6 ball pythons
  5 bats
  5 endoplasms
  3 giant cockroaches (D:4)
  3 goblins (D:1)
  5 hobgoblins
  2 jackals (D:2)
  7 quokkas
  7 frilled lizards
  2 kobolds (D:1)
  11 rats
73 creatures vanquished.

Notes
Turn   | Place    | Note
-------+----------+-------------------------------------------
     0 | D:1      | Sixotanaka the Gnoll Wanderer began the quest for the Orb.
     0 | D:1      | Sixotanaka set off with the following items: a +0 dagger, 2
                  | throwing nets, a piece from Xom's chessboard (15/15), a
                  | potion of mutation, a +0 leather armour; and the following
                  | spells available to memorise: Passwall, Wereblood.
     0 | D:1      | Reached XP level 1. HP: 13/13 MP: 6/6
   118 | D:1      | Reached XP level 2. HP: 19/19 MP: 7/7
   775 | D:2      | Reached skill level 5 in Spellcasting
   775 | D:2      | Reached XP level 3. HP: 18/25 MP: 7/9
   797 | D:2      | Learned a level 2 spell: Passwall
   800 | D:2      | Learned a level 2 spell: Wereblood
   978 | D:2      | Reached skill level 1 in Invocations
  1081 | D:2      | Reached skill level 1 in Fighting
  1081 | D:2      | Reached skill level 1 in Short Blades
  1081 | D:2      | Reached skill level 1 in Long Blades
  1081 | D:2      | Reached skill level 1 in Axes
  1081 | D:2      | Reached skill level 1 in Maces & Flails
  1081 | D:2      | Reached skill level 1 in Polearms
  1081 | D:2      | Reached skill level 1 in Staves
  1081 | D:2      | Reached skill level 1 in Ranged Weapons
  1081 | D:2      | Reached skill level 1 in Throwing
  1081 | D:2      | Reached skill level 1 in Stealth
  1081 | D:2      | Reached skill level 1 in Shields
  1081 | D:2      | Reached skill level 1 in Unarmed Combat
  1516 | D:3      | Reached XP level 4. HP: 32/32 MP: 11/11
  1626 | D:3      | Found a snail-covered altar of Cheibriados.
  1651 | D:3      | Became a worshipper of Cheibriados the Contemplative
  1718 | D:3      | Found a radiant altar of Vehumet.
  2122 | D:3      | Found a faded altar of an unknown god.
  2294 | D:4      | Reached skill level 1 in Conjurations
  2294 | D:4      | Reached skill level 1 in Hexes
  2294 | D:4      | Reached skill level 1 in Summonings
  2294 | D:4      | Reached skill level 1 in Necromancy
  2294 | D:4      | Reached skill level 1 in Translocations
  2294 | D:4      | Reached skill level 1 in Transmutations
  2294 | D:4      | Reached skill level 1 in Fire Magic
  2294 | D:4      | Reached skill level 1 in Ice Magic
  2294 | D:4      | Reached skill level 1 in Air Magic
  2294 | D:4      | Reached skill level 1 in Earth Magic
  2294 | D:4      | Reached skill level 1 in Poison Magic
  2420 | D:4      | Noticed a phantom
  2448 | D:4      | Killed a phantom
  2449 | D:4      | Reached XP level 5. HP: 22/37 MP: 12/12
  2542 | D:4      | Found a glowing drain.
  2554 | D:4      | Reached * piety under Cheibriados
  2561 | Sewer    | Entered a sewer
  2846 | Sewer    | Reached XP level 6. HP: 36/44 MP: 13/13
  3380 | D:4      | You fall into a shaft and drop 3 floors!
  3385 | D:6      | Noticed Eustachio
  3390 | D:7      | Noticed a yak
  3391 | D:7      | Noticed a sky beast
  3397 | D:7      | Noticed a yak
  3398 | D:7      | Noticed a yak
  3400 | D:7      | Noticed a yak
  3402 | D:7      | Noticed a yak
  3403 | D:7      | Noticed a yak
  3411 | D:7      | Killed a yak
  3415 | D:7      | Slain by a yak

Illustrated notes

Levels and vault maps discovered:
D:1:      dpeg_arrival_rooms_b, layout_basic, kennysheep_nondescript
D:2:      layout_loops_ring, grunt_decor_clamped
D:3:      layout_basic, mainiacjoe_overflow_alcove_1,
          nicolae_overflow_crystal_walls, basic_ecumenical_altar,
          dreamdust_wishing_well
D:4:      layout_loops_cross, tgw_kikubaaqudgha, temple_doors_e,
          gup_sewer_entry_pipe, palyth_stone_intersect
D:6:      layout_gridville, uniq_eustachio
D:7:      layout_cave_pools, biasface_ghost_orc_armoury

Skill      XL: |  1  2  3  4  5  6 |
---------------+-------------------+-----
Spellcasting   | 5 |  5.4
Invocations    | 1 2 |  2.4
Fighting       | 1 2 |  2.2
Short Blades   | 1 2 |  2.2
Long Blades    | 1 2 |  2.2
Axes           | 1 2 |  2.2
Maces & Flails | 1 2 |  2.2
Polearms       | 1 2 |  2.2
Staves         | 1 2 |  2.2
Ranged Weapons | 1 2 |  2.2
Throwing       | 1 2 |  2.2
Stealth        | 1 2 |  2.2
Shields        | 1 2 |  2.2
Unarmed Combat | 1 2 |  2.2
Conjurations   | 1 |  1.7
Hexes          | 1 |  1.7
Summonings     | 1 |  1.7
Necromancy     | 1 |  1.7
Translocations | 1 |  1.7
Transmutations | 1 |  1.7
Fire Magic     | 1 |  1.7
Ice Magic      | 1 |  1.7
Air Magic      | 1 |  1.7
Earth Magic    | 1 |  1.7
Poison Magic   | 1 |  1.7
Armour         | 3 |  3.4
Dodging        | |  6.9
Evocations     | |  8.8

Action                   |  1- 3 |  4- 6 || total
-------------------------+-------+-------++-------
Melee: Dagger            |    92 |   168 ||   260
       Bite              |     7 |    12 ||    19
       Punch             |     3 |     1 ||     4
  Use: Scroll            |       |     7 ||     7
       Potion            |       |     3 ||     3
 Stab: Sleeping          |     1 |     2 ||     3
Armor: Leather armour    |    23 |    12 ||    35
       Skin              |       |    37 ||    37
Dodge: Dodged            |    65 |    99 ||   164

Table legend: (Time is in decaauts)
 A = Elapsed time spent in this place.
 B = Non-inter-level travel time spent in this place.
 C = Inter-level travel time spent in this place.
 D = Time resting spent in this place.
 E = Time spent auto-exploring this place.
 F = Levels seen in this place.
 G = Mean time per level.
                   A        B        C        D        E       F      G
               +--------+--------+--------+--------+--------+-----+--------+
         Total |   3833 |   3785 |     48 |    380 |   2485 |   7 |  547.6 |
       Dungeon |   3015 |   2967 |     48 |    239 |   2118 |   6 |  502.5 |
         Sewer |    817 |    817 |      0 |    141 |    367 |   1 |  817.0 |
               +--------+--------+--------+--------+--------+-----+--------+

Top non-repeatable levels by time:
     D:3: 983 daAuts
   Sewer: 817 daAuts
     D:1: 766 daAuts
     D:2: 683 daAuts
     D:4: 544 daAuts
     D:7: 36 daAuts
     D:6: 1 daAuts
